 Dungeon Crawl Stone Soup version 0.17-a0-1648-g0a089d4 (webtiles) character file.

3822 urechis the Infuser (level 9, -1/50 HPs)
             Began as a Deep Elf Conjurer on Aug 12, 2015.
             Was a Believer of Vehumet.
             Slain by a trapdoor spider (17 damage)
             ... on level 9 of the Dungeon.
             The game lasted 00:36:59 (9247 turns).

urechis the Infuser (Deep Elf Conjurer)             Turns: 9247, Time: 00:36:59

Health: -1/50      AC:  5    Str:  5    XL:     9   Next: 97%
Magic:  21/38      EV: 15    Int: 24    God:    Vehumet [**....]
Gold:   433        SH:  0    Dex: 15    Spells: 5 memorised, 8 levels left

rFire  + . .     SeeInvis .     b - staff of power
rCold  x . .     Clarity  .     e - +1 robe {MR+}
rNeg   . . .     SustAt   .     (no shield)
rPois  +         Gourm    .     (no helmet)
rElec  .         Spirit   .     (no cloak)
rCorr  .         Warding  .     A - +1 pair of gloves
rMut   .         Stasis   .     (no boots)
MR     +....                    D - amulet of regeneration
Stlth  ++........               L - ring of poison resistance
                                i - ring of fire

@: very slightly contaminated, somewhat resistant to hostile enchantments,
unstealthy
A: no striking features
a: Renounce Religion


You were on level 9 of the Dungeon.
You worshipped Vehumet.
Vehumet was pleased with you.
You were not hungry.

You visited 2 branches of the dungeon, and saw 10 of its levels.
You also visited: Ossuary.

You collected 433 gold pieces.

Inventory:

Hand weapons
 a - a +1 dagger of speed
Armour
 e - a +1 robe of magic resistance (worn)
 A - a +1 pair of gloves (worn)
Magical staves
 b - an uncursed staff of power (weapon)
Jewellery
 i - a ring of fire (left hand)
 D - an amulet of regeneration (around neck)
 L - a ring of poison resistance (right hand)
Scrolls
 g - 4 scrolls of magic mapping {unknown}
 h - a scroll of immolation {unknown}
 j - 3 scrolls of remove curse {unknown}
 k - 4 scrolls of recharging {unknown}
 l - 3 scrolls of amnesia {unknown}
 m - 14 scrolls of identify {unknown}
 o - 5 scrolls of teleportation {unknown}
 q - 4 scrolls of enchant weapon {unknown}
 t - 5 scrolls of noise {unknown}
 u - 5 scrolls of enchant armour {unknown}
 w - 2 scrolls of fear {unknown}
 E - 2 scrolls of random uselessness {unknown}
Potions
 d - 3 potions of degeneration
 n - a potion of magic {unknown}
 p - 2 potions of poison {unknown}
 v - a potion of curing
 y - 2 potions of invisibility {unknown}
 z - 2 potions of resistance {unknown}
 B - 5 potions of brilliance {unknown}
 C - 4 potions of haste
 F - 2 potions of heal wounds
 H - 2 potions of ambrosia {unknown}
 J - a potion of might {unknown}
 K - a potion of agility {unknown}
Books
 r - a book of Flames

   Spells                             Type                      Level
   a - Flame Tongue                   Conjuration/Fire             1
   b - Throw Flame                    Conjuration/Fire             2
   c - Conjure Flame                  Conjuration/Fire             3
   d - Inner Flame                    Hexes/Fire                   3
   e - Sticky Flame                   Conjuration/Fire             4
   f - Fireball                       Conjuration/Fire             5
 G - a book of the Earth

   Spells                             Type                      Level
   a - Leda's Liquefaction            Hexes/Earth                  4
   b - Bolt of Magma                  Conjuration/Fire/Earth       5
   c - Statue Form                    Transmutation/Earth          6
   d - Iron Shot                      Conjuration/Earth            6
   e - Shatter                        Earth                        9
 I - a book of Conjurations

   Spells                             Type                      Level
   a - Magic Dart                     Conjuration                  1
   b - Searing Ray                    Conjuration                  2
   c - Dazzling Spray                 Conjuration/Hexes            3
   d - Fulminant Prism                Conjuration/Hexes            4
   e - Iskenderun's Mystic Blast      Conjuration                  4
   f - Iskenderun's Battlesphere      Conjuration/Charms           5
Comestibles
 c - 7 bread rations
 f - 5 meat rations
 s - 2 royal jellies
 x - 4 fruits
 M - 3 chunks of flesh


   Skills:
 + Level 3.0 Fighting
 + Level 5.7 Dodging
 - Level 2.4 Stealth
 * Level 8.1 Spellcasting
 + Level 9.3 Conjurations
 + Level 9.7 Charms
 * Level 6.1 Fire Magic


You had 8 spell levels left.
You knew the following spells:

 Your Spells              Type           Power        Failure   Level  Hunger
a - Magic Dart            Conj           ####         1%          1    None
b - Searing Ray           Conj           ######       1%          2    None
c - Iskenderun's Battles  Conj/Chrm      ######..     3%          5    #####..
d - Fireball              Conj/Fire      ######....   10%         5    #####..
e - Conjure Flame         Conj/Fire      ######..     1%          3    None


Dungeon Overview and Level Annotations

Branches:
Dungeon (9/15)             Temple (1/1) D:7
   Lair: D:8-11         Orc: D:9-12

Altars:
Ashenzari
Cheibriados
Dithmenos
Elyvilon
Fedhas
Gozag
Kikubaaqudgha
Makhleb
Nemelex Xobeh
Okawaru
Qazlal
Ru
Sif Muna
Trog
Vehumet
Xom
Yredelemnul
Zin
The Shining One

Shops:
D:4 [[   D:7 *


Message History

Confirm with . or Enter, or press ? or * to list all spells.
You can't see any susceptible monsters within range! (Use Z to cast anyway.)
The trapdoor spider closely misses you.
A trapdoor spider leaps out from its hiding place under the floor!
There is an open door here.
Casting: Magic Dart
Confirm with . or Enter, or press ? or * to list all spells.
Aiming: Searing Ray
Press: ? - help, Shift-Dir - straight line, f - trapdoor spider
Aim: a trapdoor spider (clinging)
The searing ray misses the trapdoor spider.
The trapdoor spider bites you! x2
* * * LOW HITPOINT WARNING * * *
The searing ray hits the trapdoor spider.
The trapdoor spider is lightly wounded.
The trapdoor spider bites you but does no damage.
The searing ray hits the trapdoor spider.
The trapdoor spider is heavily wounded.
The trapdoor spider barely misses you. The trapdoor spider bites you!
You die...

.................#.....
......##.##.....###....
.....##...##...## ##...
..... ##.###..## ##..
.... ##...##...# #.).
... #.###.#.... #....
... ##...##... #.....
#.....# .....(. #@#####
...>..... #s%%#
......... #%.%+
......... #####
.........


You could see a trapdoor spider.

Vanquished Creatures
  A troll (D:9)
  Sigmund (D:4)
  Eustachio (D:4)
  A hungry ghost (D:9)
  2 orc warriors
  3 sky beasts
  The ghost of Chiseanne the Skirmisher, an average DsWn (D:3)
  3 ice beasts
  2 ogres
  A centaur (D:6)
  A crocodile (D:7)
  3 giant frogs
  3 water moccasin zombies (Ossuary)
  A wyvern skeleton (D:5)
  2 scorpions
  9 killer bees
  2 crimson imps
  A spriggan skeleton (D:9)
  A giant frog zombie (D:9)
  A centaur zombie (D:8)
  6 hounds
  An iguana (D:5)
  A quasit (D:8)
  4 centaur skeletons
  2 jellies (D:8)
  A giant frog skeleton (D:5)
  A worker ant (D:4)
  Natasha (thrice) (D:2)
  7 orc wizards
  A hound skeleton (D:4)
  2 mummies (Ossuary)
  A river rat (D:9)
  9 adders
  3 gnolls
  A shadow imp (D:7)
  An ooze (D:3)
  3 adder skeletons
  5 adder zombies (Ossuary)
  6 worms
  3 giant geckos
  18 orcs
  4 giant cockroaches
  11 goblins
  6 hobgoblins
  2 jackals (D:4)
  7 kobolds
  3 quokkas
  2 ball pythons (D:3)
  14 bats
  7 giant newts
  5 gnoll zombies (Ossuary)
  4 hobgoblin zombies (Ossuary)
  5 kobold zombies (Ossuary)
  3 orc zombies (Ossuary)
  3 quokka zombies
  13 rats
208 creatures vanquished.

Notes
Turn   | Place    | Note
--------------------------------------------------------------
     0 | D:1      | urechis the Deep Elf Conjurer began the quest for the Orb.
     0 | D:1      | Reached XP level 1. HP: 10/10 MP: 6/6
   248 | D:1      | Reached XP level 2. HP: 15/15 MP: 4/8
   250 | D:1      | Reached skill level 5 in Conjurations
   764 | D:2      | Reached XP level 3. HP: 19/19 MP: 2/9
  1052 | D:2      | Learned a level 2 spell: Searing Ray
  1203 | D:2      | Reached skill level 6 in Conjurations
  1357 | D:2      | Noticed Natasha
  1364 | D:2      | Killed Natasha
  1364 | D:2      | Reached XP level 4. HP: 2/24 MP: 3/10
  1658 | D:2      | Noticed Natasha
  1661 | D:2      | Killed Natasha
  1755 | D:2      | Noticed Natasha
  1758 | D:2      | Killed Natasha
  1908 | D:3      | Found a bloodstained altar of Trog.
  2126 | D:3      | Found a basalt altar of Yredelemnul.
  2174 | D:3      | Reached XP level 5. HP: 28/28 MP: 9/11
  2203 | D:3      | Reached skill level 7 in Conjurations
  2220 | D:3      | Learned a level 5 spell: Iskenderun's Battlesphere
  2343 | D:3      | Reached skill level 1 in Charms
  2381 | D:3      | Noticed Chiseanne's ghost (average DsWn)
  2457 | D:3      | Killed Chiseanne's ghost
  2779 | D:4      | Noticed Sigmund
  2792 | D:4      | Found Qeuxy's Antique Armour Boutique.
  3126 | D:4      | Reached XP level 6. HP: 21/32 MP: 3/12
  3247 | D:4      | Killed Sigmund
  3247 | D:4      | Reached skill level 5 in Charms
  3321 | D:4      | You fall through a shaft!
  3321 | D:5      | Entered Level 5 of the Dungeon
  3358 | D:5      | Reached XP level 7. HP: 6/36 MP: 0/13
  4190 | D:4      | Noticed Eustachio
  4199 | D:4      | Killed Eustachio
  4199 | D:4      | Reached skill level 8 in Conjurations
  4357 | D:4      | Found Jithastro's Antique Armour Shoppe.
  4426 | D:4      | Learned a level 3 spell: Conjure Flame
  4517 | D:5      | Reached skill level 1 in Fire Magic
  4668 | D:5      | Reached XP level 8. HP: 20/42 MP: 0/15
  4697 | D:4      | HP: 2/42 [hound (4)]
  5232 | D:5      | Reached skill level 1 in Fighting
  5403 | D:5      | Got a steaming leather armour
  5414 | D:5      | Identified the +2 leather armour of an ice cave {Str+2 Int+2 Stlth+} (You found it on level 5 of the Dungeon)
  5507 | D:5      | Found a blossoming altar of Fedhas.
  6316 | D:6      | Reached skill level 5 in Spellcasting
  6323 | D:6      | Learned a level 5 spell: Fireball
  6666 | D:7      | Found a shimmering altar of Xom.
  6667 | D:7      | Found a shimmering altar of Xom.
  6669 | D:7      | Found a shimmering altar of Xom.
  6673 | D:7      | Found a shimmering altar of Xom.
  6674 | D:7      | Found a shimmering altar of Xom.
  6935 | D:7      | Found a shadowy altar of Dithmenos.
  7102 | D:7      | Noticed a faun
  7103 | D:7      | Noticed a guardian serpent
  7206 | D:7      | Reached XP level 9. HP: 48/48 MP: 9/19
  7215 | D:7      | Found Winekone's General Store.
  7259 | D:7      | Found a staircase to the Ecumenical Temple.
  7362 | Temple   | Entered the Ecumenical Temple
  7399 | Temple   | Became a worshipper of Vehumet
  7619 | D:8      | Reached skill level 9 in Charms
  7727 | D:8      | Found a sand-covered staircase.
  7732 | Ossuary  | Entered an ossuary
  7899 | Ossuary  | Acquired Vehumet's first power
  7899 | Ossuary  | Offered knowledge of Freeze by Vehumet.
  8436 | D:8      | Reached skill level 5 in Dodging
  8832 | D:8      | Reached skill level 5 in Fire Magic
  8983 | D:9      | Offered knowledge of Shock by Vehumet.
  9247 | D:9      | Slain by a trapdoor spider

Vault maps used:
D:1:      eino_arrival_druids_welcome, minmay_hedge_maze, interstate_on_off,
          nrook_uturn, hangedman_decor_lopped
D:2:      first_bread, roderic_serpentine_path, uniq_natasha
D:3:      lemuel_round_altar, trog_book
D:4:      serial_shops, shop, kennysheep_windowed_goal, uniq_eustachio,
          uniq_sigmund
D:5:      nicolae_overflow_hidden_temple, minivault_27
D:7:      xom_shifter_show, temple_green, basic_altar, serial_shops, shop,
          serial_glass, glass_columns_a, glass_columns_a, glass_columns_c,
          glass_columns_a, glass_columns_a, glass_columns_a, glass_columns_c,
          glass_columns_a, due_unseen_surprise
D:8:      enter_ossuary_1
D:9:      grunt_lair_entry_elf_guard_hut, david_orc_5, hangedman_tell_no_tales
Temple:   nicolae_temple_x_marks_the_god_16
Ossuary:  ossuary_tomb_2

Action                   |  1- 3 |  4- 6 |  7- 9 || total
-------------------------+-------+-------+-------++-------
Melee: Spear             |     1 |       |       ||     1
       Rapier            |       |       |     7 ||     7
       Staff             |       |       |     1 ||     1
 Cast: Magic Dart        |    81 |   133 |   322 ||   536
       Searing Ray       |       |     3 |    20 ||    23
       Iskenderun's Batt |       |       |    27 ||    27
       Conjure Flame     |       |       |     3 ||     3
  Use: Potion            |       |       |     6 ||     6
  Eat: Chunk             |     1 |     3 |    22 ||    26
       Bread ration      |       |     1 |       ||     1
       Fruit             |       |       |     3 ||     3
       Pizza             |       |       |     1 ||     1
       Beef jerky        |       |       |     1 ||     1
